 Dungeon Crawl Stone Soup version 0.28.0-53-g5a82cb258f (webtiles) character file.

Game seed: 5458740330770323137

324 gobodom the Stinger (level 6, -1/42 HPs)
             Began as a Merfolk Venom Mage on June 21, 2022.
             Was an Initiate of Ashenzari.
             Killed from afar by an orc wizard (9 damage)
             ... with a magic dart
             ... on level 5 of the Dungeon.
             The game lasted 00:22:07 (3818 turns).

gobodom the Stinger (Merfolk Venom Mage)            Turns: 3818, Time: 00:22:08

Health: -1/42      AC:  6    Str: 17    XL:     6   Next: 48%
Magic:  3/11       EV: 13    Int: 14    God:    Ashenzari [......]
Gold:   132        SH:  0    Dex: 14    Spells: 5/12 levels left

rFire   . . .      SeeInvis .   c - +1 dagger (venom)
rCold   . . .      Faith    .   (no shield)
rNeg    . . .      Spirit   .   a - +0 robe of Cremastomancy {Fort, Cun} (curse)
rPois   .          Reflect  .   e - +0 helmet
rElec   .          Harm     .   q - +2 cloak
rCorr   .          Rampage  .   (no gloves)
Will    .....                   (no boots)
Stlth   ++........              (no amulet)
HPRegen 0.14/turn               i - +6 ring of strength
MPRegen 0.12/turn               (no ring)

@: no status effects
A: (nimble swimmer 2), mertail
a: Renounce Religion, Shatter the Chains


You were on level 5 of the Dungeon.
You worshipped Ashenzari.
Ashenzari was noncommittal.
You visited 1 branch of the dungeon, and saw 5 of its levels.

You collected 132 gold pieces.

Inventory:

Hand Weapons
 c - a +1 dagger of venom (weapon)
 m - a +0 rapier
Missiles
 b - 2 atropa-tipped darts (quivered)
 k - 10 poisoned darts
Armour
 a - the cursed +0 robe of Cremastomancy (worn) {Fort, Cun}

   It has a curse which improves the following skills: Fortitude: Armour and
   Shields.
   Cunning:   Dodging and Stealth.
 e - a +0 helmet (worn)
 q - a +2 cloak (worn)
Jewellery
 i - a +6 ring of strength (left hand)
Wands
 s - a wand of digging (4)
Scrolls
 d - a scroll of teleportation
 p - a scroll of vulnerability
Potions
 f - a potion of curing
 g - a potion of cancellation
 j - a potion of resistance
 o - a potion of mutation {unknown}


   Skills:
 + Level 0.5 Fighting
 + Level 2.0 Short Blades
 + Level 3.2(3.5) Dodging
 + Level 3.3(3.7) Stealth
 + Level 0.1 Unarmed Combat
 + Level 3.6 Spellcasting
 + Level 3.5 Transmutations
 + Level 0.1 Air Magic
 + Level 4.8 Poison Magic


You had 5 spell levels left.
You knew the following spells:

 Your Spells              Type           Power      Damage    Failure   Level
a - Sting                 Tmut/Pois      56%        1d5       3%          1
b - Olgreb's Toxic Radia  Pois           16%        N/A       28%         4
c - Poisonous Vapours     Pois/Air       18%        N/A       11%         2

Your spell library contained the following spells:

 Spells                   Type           Power      Damage    Failure   Level
 Pain                     Necr           8%         1d4       21%         1
 Mephitic Cloud           Conj/Pois/Air  7%         N/A       30%         3
 Ice Form                 Ice/Tmut       7%         N/A       67%         4
 Hailstorm                Conj/Ice       2%         3d3       90%         4
 Agony                    Necr           2%         N/A       99%         5
 Excruciating Wounds      Necr           1%         N/A       99%         5
 Simulacrum               Ice/Necr       1%         N/A       100%        6


Dungeon Overview and Level Annotations

Branches:
Dungeon (5/15)
 Temple: D:4-7

Altars:
Ashenzari
Vehumet

Annotations:
D:4 3 runed translucent doors, Duvessa; Rsteiner's ghost, novice DsFE


Innate Abilities, Weirdness & Mutations

((You are very nimble when in or above water. (Stealth+, EV+, Speed+++)))
Your lower body shifts to a powerful aquatic tail in water.


Message History

The orc wizard shouts!
You hear a shout!
Casting: Poisonous Vapours (safe; 11% risk of failure)
Confirm with . or Enter, or press ? or * to list all spells.
Aiming: Poisonous Vapours (safe; 11% risk of failure)
Press: ? - help, Dir - move target, f - orc priest, p - orc
Aim: an orc priest, wielding a +0 flail (lightly wounded, poisoned) Poisonous vapours surround the orc priest!
The orc priest looks even sicker.
An orc comes into view. It is wielding a +0 whip.
The orc misses you.
The orc priest mumbles some strange prayers to Beogh against you.
Beogh smites you!
You barely miss the orc.
The orc is severely wounded.
The orc hits you with a +0 club.
You hit the orc.
You kill the orc!
You barely miss the orc priest.
The orc priest is heavily wounded.
The orc priest hits you with a +0 flail!
You hit the orc priest but do no damage.
The orc priest looks as sick as possible!
The orc priest is severely wounded.
The orc priest hits you with a +0 flail.
You closely miss the orc priest.
The orc priest is almost dead.
You kill the orc priest!
Your Stealth skill increases to level 3!
The orc wizard casts a spell at you. The puff of flame hits you!
* * * LOW HITPOINT WARNING * * *
Casting: Poisonous Vapours (safe; 11% risk of failure)
Confirm with . or Enter, or press ? or * to list all spells.
Aiming: Sting (safe; 3% risk of failure)
Press: ? - help, Shift-Dir - straight line, f - orc wizard
Aim: an orc wizard, wielding a +0 dagger and wearing a +0 robe (64% to hit)
The sting misses the orc wizard.
The orc wizard casts a spell at you. The magic dart hits you!
You die...

.. ... #.## #..
#.##....## #.##.##... #
#........# #.
#........#####. ...#
###.##.##..##.<.. .....
##...##........##.
......##@.....<##..#####.
....(oo......#.##........
......##....>.....#######
....# ##...##.#### ...
######.# . #.# #.# #.#
###


You could see an orc wizard and an orc.

Vanquished Creatures
  A black bear (D:3)
  2 hounds (D:4)
  An orc priest (D:5)
  Robin (D:4)
  4 adders
  A worm (D:3)
  A dart slug (D:3)
  5 orcs
  6 bats
  3 endoplasms
  5 giant cockroaches
  10 goblins
  9 hobgoblins
  6 jackals (D:3)
  2 quokkas
  7 ball pythons
  9 frilled lizards
  4 kobolds
  6 rats
83 creatures vanquished.

Vanquished Creatures (others)
  3 fungi (D:3)
  12 plants (D:3)
15 creatures vanquished.

Grand Total: 98 creatures vanquished

Notes
Turn   | Place    | Note
-------+----------+-------------------------------------------
     0 | D:1      | gobodom the Merfolk Venom Mage began the quest for the Orb.
     0 | D:1      | Reached XP level 1. HP: 13/13 MP: 3/3
   257 | D:1      | Reached XP level 2. HP: 17/19 MP: 0/5
  1061 | D:2      | Reached XP level 3. HP: 19/24 MP: 3/6
  1130 | D:2      | Found a broken altar of Ashenzari.
  1247 | D:2      | Reached skill level 4 in Poison Magic
  1291 | D:2      | Identified the +1 leather armour of Bitterness {-Tele rC-
                  | rCorr SInv}
  1740 | D:2      | Became a worshipper of Ashenzari the Shackled
  1760 | D:3      | Found a radiant altar of Vehumet.
  1787 | D:3      | Reached XP level 4. HP: 30/30 MP: 3/7
  2249 | D:3      | Noticed a black bear
  2280 | D:3      | Killed a black bear
  2281 | D:3      | Reached skill level 1 in Short Blades
  2281 | D:3      | Reached XP level 5. HP: 20/36 MP: 5/9
  2758 | D:3      | Learned a level 4 spell: Olgreb's Toxic Radiance
  2761 | D:3      | Learned a level 2 spell: Poisonous Vapours
  2816 | D:3      | Found a faded altar of an unknown god.
  3403 | D:4      | Reached XP level 6. HP: 42/42 MP: 11/11
  3434 | D:4      | Noticed an ice beast
  3545 | D:4      | Noticed Robin
  3573 | D:4      | Killed Robin
  3604 | D:4      | Found a runed translucent gate.
  3605 | D:4      | Found a runed translucent gate.
  3605 | D:4      | Found a runed translucent gate.
  3611 | D:4      | Noticed Rsteiner's ghost (novice DsFE)
  3756 | D:4      | Noticed Duvessa
  3786 | D:5      | Entered Level 5 of the Dungeon
  3818 | D:5      | Killed from afar by an orc wizard

Illustrated notes

Levels and vault maps discovered:
D:1:      elethiomel_arrival_shortcut, layout_rooms
D:2:      layout_rooms, serial_glass, glass_columns_a, glass_columns_c,
          basic_altar
D:3:      layout_loops_ring, nicolae_vehumet_altar_sigil,
          dreamdust_ecumenical_altar_grove, grunt_decor_junction,
          guppyfry_early_lair_pool
D:4:      layout_basic, gammafunk_ghost_necromancy, uniq_robin, uniq_duvessa
D:5:      layout_loops_cross, nicolae_underground_beach, uniq_sigmund

Skill      XL: |  1  2  3  4  5  6 |
---------------+-------------------+-----
Poison Magic   | 4 |  4.8
Transmutations | 2 3 |  3.5
Short Blades   | 1 2 |  2.0
Dodging        | 3 |  3.2
Spellcasting   | 3 |  3.6
Stealth        | 3 |  3.3
Fighting       | |  0.5
Unarmed Combat | |  0.1
Air Magic      | |  0.1

Action                   |  1- 3 |  4- 6 || total
-------------------------+-------+-------++-------
Melee: Unarmed           |     7 |       ||     7
       Dagger            |    44 |    75 ||   119
       Punch             |     2 |       ||     2
Throw: Dart              |     3 |     1 ||     4
 Cast: Sting             |    60 |    40 ||   100
       Poisonous Vapours |       |     8 ||     8
       Olgreb's Toxic Ra |       |     1 ||     1
Invok: Curse Item        |       |     1 ||     1
  Use: Scroll            |       |     8 ||     8
 Stab: Sleeping          |       |     1 ||     1
Armor: Robe              |     5 |    17 ||    22
Dodge: Dodged            |    40 |    61 ||   101
